 Dungeon Crawl Stone Soup version 0.17.1-2-g5865329 (webtiles) character file.

75 bezdread the Stinger (level 4, 0/27 HPs)
             Began as an Octopode Venom Mage on Jan 16, 2016.
             Slain by a jackal (2 damage)
             ... on level 1 of the Dungeon.
             The game lasted 00:26:05 (2261 turns).

bezdread the Stinger (Octopode Venom Mage)          Turns: 2261, Time: 00:26:05

Health: 0/27       AC:  1    Str:  7    XL:     4   Next: 31%
Magic:  3/7        EV: 12    Int: 18    God:
Gold:   95         SH:  0    Dex: 12    Spells: 3 memorised, 1 level left

rFire  . . .     SeeInvis .     c - +0 short sword
rCold  . . .     Clarity  .     (no shield)
rNeg   . . .     SustAt   .     (helmet restricted)
rPois  .         Gourm    .     (no amulet)
rElec  .         Spirit   .     (no ring)
rCorr  .         Warding  .     (no ring)
rMut   .         Stasis   .     (no ring)
MR     .....                    (no ring)
Stlth  +++.......               (no ring)
                                (no ring)
                                (no ring)
                                (no ring)

@: not resistant to hostile enchantments, fairly stealthy
A: almost no armour, amphibious, 8 rings, constrict 8, camouflage 1, gelatinous
body 1
a: no special abilities


You were on level 1 of the Dungeon.
You were not hungry.

You visited 1 branch of the dungeon, and saw 3 of its levels.

You collected 95 gold pieces.

Inventory:

Hand Weapons
 c - a +0 short sword (weapon)
Jewellery
 m - an uncursed amulet of stasis {unknown}
Scrolls
 f - a scroll of teleportation {unknown}
 g - 6 scrolls of identify {unknown}
 h - a scroll of amnesia {unknown}
 i - 4 scrolls of remove curse {unknown}
 n - a scroll of enchant armour {unknown}
 r - a scroll of blinking {unknown}
Potions
 d - a potion of brilliance {unknown}
 e - a potion of cancellation {unknown}
 j - a potion of curing {unknown}
 k - 2 potions of agility {unknown}
 o - 2 potions of resistance {unknown}
Books
 a - a Young Poisoner's Handbook

   Spells                             Type                      Level
   a - Sting                          Conjuration/Poison           1
   b - Cure Poison                    Poison                       2
   c - Mephitic Cloud                 Conjuration/Poison/Air       3
   d - Olgreb's Toxic Radiance        Poison                       4
   e - Venom Bolt                     Conjuration/Poison           5
 p - a book of Battle

   Spells                             Type                      Level
   a - Infusion                       Charms                       1
   b - Shroud of Golubria             Charms/Translocation         2
   c - Song of Slaying                Charms                       2
   d - Spectral Weapon                Hexes/Charms                 3
   e - Regeneration                   Charms/Necromancy            3
Comestibles
 b - 4 bread rations
 l - a meat ration
 q - 2 chunks of flesh


   Skills:
 + Level 0.8 Fighting
 + Level 0.4 Short Blades
 + Level 2.5 Dodging
 + Level 3.4 Stealth
 + Level 2.3 Spellcasting
 + Level 1.0 Conjurations
 + Level 5.4 Poison Magic


You had one spell level left.
You knew the following spells:

 Your Spells              Type           Power        Failure   Level  Hunger
a - Sting                 Conj/Pois      ##..         6%          1    #......
b - Cure Poison           Pois           ###.......   2%          2    ##.....
c - Mephitic Cloud        Conj/Pois/Air  #.......     24%         3    ###....


Dungeon Overview and Level Annotations

Branches:
Dungeon (3/15)

Altars:


Innate Abilities, Weirdness & Mutations

You cannot wear most types of armour.
You are amphibious.
You can wear up to eight rings at the same time.
You can use your tentacles to constrict eight enemies at once.
Your skin changes colour to match your surroundings (Stealth).
Your rubbery body absorbs attacks (AC +1).


Message History

The jackal closely misses you.
You see here a club.
The jackal closely misses you. x2
There is a stone staircase leading up here.
The jackal bites you. The jackal closely misses you. The jackal bites you.
* * * LOW HITPOINT WARNING * * *
You climb upwards.
There is a stone staircase leading down, spattered with blood here.
The jackal barely misses you.
The jackal bites you but does no damage.
The jackal bites you but does no damage.
The jackal bites you.
* * * LOW HITPOINT WARNING * * *
The jackal barely misses you. The jackal bites you.
* * * LOW HITPOINT WARNING * * *
The jackal closely misses you. The jackal bites you.
* * * LOW HITPOINT WARNING * * *
The jackal bites you.
You die...

# #≈≈### #.......)... ###
####.≈≈≈###### ##........... ..#
##P.†)≈≈≈≈≈##≈# #.......##...
..###..#####≈##≈≈####.......##...
...#P.## ########.........##...
#.###.## ###............##...
..###..## ##.......#...........
...###..# ##....h...#...........
....###.## #....@h...#...........
##...###'###.........#...........
##..#....#......................
##....#..............#..........
##...###'##..........##..........
....###.####.........##..........
...## #.####.........##..........
.#### ##.#.##........##..........
..#.# ###.####.......##..........


You could see 2 jackals.

Vanquished Creatures
  3 worms (D:2)
  2 ball pythons (D:2)
  11 bats
  7 goblins
  12 hobgoblins
  8 jackals
  2 quokkas (D:2)
  4 giant newts (D:1)
  3 kobolds
  6 rats
58 creatures vanquished.

Notes
Turn   | Place    | Note
--------------------------------------------------------------
     0 | D:1      | bezdread the Octopode Venom Mage began the quest for the Orb.
     0 | D:1      | Reached XP level 1. HP: 11/11 MP: 3/3
   132 | D:1      | Reached skill level 5 in Poison Magic
   483 | D:1      | Reached XP level 2. HP: 17/17 MP: 3/5
  1055 | D:1      | Reached XP level 3. HP: 18/21 MP: 3/6
  1291 | D:1      | Learned a level 2 spell: Cure Poison
  1295 | D:1      | Learned a level 3 spell: Mephitic Cloud
  1875 | D:2      | Reached skill level 1 in Conjurations
  1899 | D:2      | Reached XP level 4. HP: 24/27 MP: 4/7
  2261 | D:1      | Slain by a jackal

Action                   |  1- 3 |  4- 6 || total
-------------------------+-------+-------++-------
Melee: Short sword       |    49 |    19 ||    68
 Cast: Sting             |    66 |    21 ||    87
 Stab: Sleeping          |    13 |       ||    13
  Eat: Chunk             |     3 |     2 ||     5
